 Dungeon Crawl Stone Soup version 0.18-a0-1160-geb89fc2 (webtiles) character file.

35389 Kidiri the Covert (level 13, -6/63 HPs)
             Began as a Spriggan Enchanter on Jan 24, 2016.
             Was a High Priest of Dithmenos.
             Mangled by a catoblepas (15 damage)
             ... on level 6 of the Lair of Beasts.
             The game lasted 01:02:04 (20803 turns).

Kidiri the Covert (Spriggan Enchanter)             Turns: 20803, Time: 01:02:04

Health: -6/63      AC:  4    Str: 10    XL:     13   Next: 47%
Magic:  19/29      EV:  4    Int: 19    God:    Dithmenos [*****.]
Gold:   899        SH:  0    Dex: 19    Spells: 6 memorised, 20 levels left

rFire  + . .     SeeInvis +     E - +3 quick blade
rCold  . . .     Gourm    .     c - +2 robe {rF+}
rNeg   + + +     Faith    .     B - +0 buckler
rPois  ∞         Spirit   .     (helmet restricted)
rElec  +         Dismiss  .     (no cloak)
rCorr  .         Reflect  +     (gloves unavailable)
SustAt .         Harm     .     (boots unavailable)
MR     ++++.                    k - +3 amulet of reflection
Stlth  +++++++++.               o - ring of the Thirteen Souls {*Contam +Blink Str+6 Stlth-}
                                F - +3 ring of evasion

@: petrified, very slightly contaminated, wreathed by umbra, very quick,
incredibly resistant to hostile enchantments, incredibly stealthy
A: unfitting armour, hooves 1, see invisible, herbivore 3, speed 3, magic
resistance 2, electricity resistance, slow metabolism 2, evolution 1
a: Shadow Step, Shadow Form, Renounce Religion, Evoke Blink


You were on level 6 of the Lair of Beasts.
You worshipped Dithmenos.
Dithmenos was extremely pleased with you.
You were not hungry.

You visited 3 branches of the dungeon, and saw 16 of its levels.

You collected 899 gold pieces.

Inventory:

Hand Weapons
 E - a +3 quick blade (weapon)
Missiles
 s - a throwing net (quivered)
Armour
 c - a +2 robe of fire resistance (worn)
 B - a +0 buckler (worn)
Jewellery
 b - an uncursed ring of ice
 k - a +3 amulet of reflection (around neck)
 o - the ring of the Thirteen Souls (right hand) {*Contam +Blink Str+6 Stlth-}
   (You found it on level 1 of the Lair of Beasts)

   [ring of loudness]

   It affects your strength (+6).
   It lets you blink.
   It causes magical contamination when unequipped.
   It makes you less stealthy.
 F - a +3 ring of evasion (left hand)
Wands
 e - a wand of draining (8/15)
 j - a wand of paralysis (13/24)
 p - a wand of digging (7/24)
 t - a wand of digging (11/24)
 H - a wand of polymorph (11/24)
 K - a wand of lightning (8/15)
 M - a wand of lightning (4/15)
Scrolls
 a - 2 scrolls of torment
 h - 6 scrolls of remove curse {unknown}
 l - a scroll of amnesia
 m - 3 scrolls of magic mapping
 v - 4 scrolls of fear {unknown}
 x - a scroll of fog
 y - 3 scrolls of teleportation {unknown}
 z - 4 scrolls of recharging {unknown}
 A - a scroll of blinking
 I - 3 scrolls of noise
Potions
 d - a potion of cancellation
 f - a potion of agility
 g - 4 potions of cure mutation
 i - 2 potions of magic
 n - a potion of might
 q - 3 potions of invisibility
 r - 2 potions of lignification
 w - 2 potions of haste
 C - a potion of heal wounds
 G - 3 potions of berserk rage
 J - a potion of ambrosia
 L - 4 potions of curing
Comestibles
 u - 2 slices of pizza
 D - 8 bread rations


   Skills:
 + Level 5.2 Fighting
 * Level 9.7 Short Blades
 * Level 4.9 Armour
 * Level 12.8 Dodging
 * Level 14.7 Stealth
 * Level 0.5 Shields
 * Level 11.0 Spellcasting
 + Level 4.3 Conjurations
 + Level 8.4 Hexes
 + Level 3.8 Transmutations
 + Level 4.8 Ice Magic
 + Level 2.7 Earth Magic
 - Level 2.7 Invocations


You had 20 spell levels left.
You knew the following spells:

 Your Spells              Type           Power        Failure   Level  Hunger
a - Corona                Hex            #####..      1%          1    None
b - Ensorcelled Hibernat  Hex/Ice        #####.       1%          2    None
c - Confuse               Hex            #####...     1%          3    None
d - Tukima's Dance        Hex            #####...     1%          3    None
e - Dazzling Spray        Conj/Hex       ####....     2%          3    None
f - Stoneskin             Trmt/Erth      ###.....     4%          2    None


Dungeon Overview and Level Annotations

Branches:
Dungeon (9/15)             Temple (1/1) D:6            Lair (6/8) D:8
  Swamp (0/4) Lair:6        Snake (0/4) Lair:5
  Slime: Lair:6-8       Orc: D:9-12

Altars:
Ashenzari
Cheibriados
Dithmenos
Elyvilon
Fedhas
Gozag
Kikubaaqudgha
Makhleb
Nemelex Xobeh
Okawaru
Pakellas
Qazlal
Ru
Sif Muna
Trog
Vehumet
Xom
Yredelemnul
Zin
The Shining One

Shops:
D:7 (   D:8 [

Annotations:
D:3 Purgy
D:8 Vojta's ghost, novice HaHu
Lair:1 poirepourri's ghost, novice DsBe


Innate Abilities, Weirdness & Mutations

You are tiny and cannot use many weapons and most armour.
You have supernaturally acute eyesight.
You are a herbivore.
You cover ground extremely quickly.
You need consume almost no food.
You have large cloven feet.
You are highly resistant to hostile enchantments.
You are resistant to electric shocks.
You evolve.


Message History

* * * LOW HITPOINT WARNING * * *
You are engulfed in calcifying dust.
The catoblepas breathes a plume of calcifying dust at you.
The blast of calcifying dust hits you!
* * * LOW HITPOINT WARNING * * *
The river rat bites you but does no damage.
You are engulfed in calcifying dust.
The catoblepas breathes a plume of calcifying dust at you.
The blast of calcifying dust hits you!
* * * LOW HITPOINT WARNING * * *
The river rat barely misses you.
The catoblepas breathes a plume of calcifying dust at you.
The blast of calcifying dust hits you!
* * * LOW HITPOINT WARNING * * *
The river rat completely misses you.
You are engulfed in calcifying dust.
The catoblepas gores you.
* * * LOW HITPOINT WARNING * * *
The river rat bites you.
You are engulfed in calcifying dust.
The catoblepas gores you!!
You die...

.....
#..#.###.....#
.##..
#.####.......#
. #. ...
###...### #.#
##.....## ..#
#.#...#†#
#.......#
#.#.⌠.#.#
#.#.†...#
#...@r..#
##..rYr##
##.'#.#
#.....#
#..##.#. #..
...# +.. ....
#.. ..... ..
#..##


You could see a catoblepas and 3 river rats.

Vanquished Creatures
  Kirke (Lair:6)
  Fannar (Lair:3)
  3 hydras
  Erolcha (D:8)
  6 death yaks
  Nergalle (Lair:4)
  A fire crab (Lair:4)
  Pikel (D:7)
  3 black mambas
  A torpor snail (Lair:6)
  11 spiny frogs
  2 molten gargoyles (Lair:4)
  4 komodo dragons
  A polar bear (Lair:5)
  18 blink frogs
  A spriggan (Lair:1)
  20 yaks
  6 hippogriffs
  2 hogs (Lair:6)
  A hungry ghost (D:8)
  7 basilisks
  Grum (D:8)
  17 wolves
  4 water moccasins
  9 porcupines
  An orc warrior (D:6)
  A sky beast (D:6)
  4 slaves (D:7)
  2 black bears
  An eye of draining (D:8)
  A phantom (D:8)
  3 ogres
  A centaur (D:5)
  25 crocodiles
  2 big kobolds
  10 giant frogs
  3 scorpions
  3 killer bees
  The ghost of st0uf the Shooter, a weakling CeHu (D:3)
  5 lava snakes (Lair:4)
  4 crimson imps
  2 centaur skeletons
  2 jellies
  A giant frog zombie (D:6)
  4 hounds
  2 giant frog skeletons
  5 orc priests
  8 orc wizards
  Ijyb (D:3)
  15 iguanas
  Terence (D:2)
  7 hell rats (Lair:4)
  6 worker ants
  2 killer bee zombies
  12 sheep
  3 hound skeletons
  Robin (D:3)
  2 worker ant zombies
  7 adders
  66 river rats
  3 shadow imps
  A worm (D:3)
  15 giant geckos
  27 orcs
  2 ball pythons
  8 giant cockroaches
  18 goblins
  11 hobgoblins
  5 jackals
  18 kobolds
  2 quokkas (D:3)
  14 bats
  A giant gecko skeleton (D:4)
  A giant gecko zombie (D:5)
  12 giant newts
  A quokka skeleton (D:5)
  8 rats
484 creatures vanquished.

Vanquished Creatures (collateral kills)
  Psyche (D:8)
  3 ogres
  2 orc priests (D:4)
  An orc (D:7)
7 creatures vanquished.

Vanquished Creatures (others)
  A human (Lair:6)
  A centaur (D:6)
  A fungus (Lair:3)
3 creatures vanquished.

Grand Total: 494 creatures vanquished

Notes
Turn   | Place    | Note
--------------------------------------------------------------
     0 | D:1      | Kidiri the Spriggan Enchanter began the quest for the Orb.
     0 | D:1      | Reached XP level 1. HP: 9/9 MP: 5/5
   238 | D:1      | Reached XP level 2. HP: 7/13 MP: 3/6
   252 | D:1      | Learned a level 2 spell: Ensorcelled Hibernation
   682 | D:1      | Reached XP level 3. HP: 14/16 MP: 5/8
   687 | D:1      | Learned a level 3 spell: Confuse
   851 | D:1      | Found a glowing golden altar of the Shining One.
  1355 | D:2      | Noticed Terence
  1370 | D:2      | Killed Terence
  1370 | D:2      | Reached XP level 4. HP: 17/21 MP: 0/9
  1447 | D:2      | Learned a level 3 spell: Dazzling Spray
  1480 | D:2      | Found a bloodstained altar of Trog.
  1564 | D:2      | Reached skill level 5 in Stealth
  2102 | D:3      | Noticed Ijyb
  2106 | D:3      | Noticed st0uf's ghost (weakling CeHu)
  2134 | D:3      | Killed Ijyb
  2134 | D:3      | Reached skill level 1 in Fighting
  2134 | D:3      | Reached XP level 5. HP: 20/25 MP: 6/11
  2165 | D:3      | Killed st0uf's ghost
  2418 | D:3      | Noticed Robin
  2428 | D:3      | Noticed Purgy
  2607 | D:3      | Killed Robin
  2732 | D:3      | Reached skill level 6 in Stealth
  3018 | D:3      | Reached skill level 1 in Ice Magic
  3661 | D:4      | Reached XP level 6. HP: 25/30 MP: 2/13
  3747 | D:4      | Learned a level 3 spell: Tukima's Dance
  3772 | D:4      | Reached skill level 5 in Dodging
  4141 | D:4      | Reached XP level 7. HP: 29/33 MP: 8/14
  4550 | D:5      | Entered Level 5 of the Dungeon
  4557 | D:5      | Reached skill level 1 in Conjurations
  5293 | D:5      | Reached skill level 7 in Stealth
  5486 | D:5      | Reached skill level 5 in Spellcasting
  6055 | D:6      | Gained mutation: You are resistant to hostile enchantments. [potion of mutation]
  6055 | D:6      | Gained mutation: You possess an exceptional clarity of mind. [potion of mutation]
  6055 | D:6      | Gained mutation: You evolve. [potion of mutation]
  6196 | D:6      | Reached XP level 8. HP: 26/39 MP: 4/16
  6255 | D:6      | Reached skill level 5 in Hexes
  6868 | D:6      | Found a staircase to the Ecumenical Temple.
  6877 | Temple   | Entered the Ecumenical Temple
  6970 | Temple   | Became a worshipper of Dithmenos the Shadowed
  7125 | D:7      | Noticed Pikel
  7146 | D:6      | Reached skill level 8 in Stealth
  7589 | D:7      | Killed Pikel
  7589 | D:7      | Reached skill level 5 in Short Blades
  7589 | D:7      | Reached skill level 1 in Invocations
  7589 | D:7      | Reached XP level 9. HP: 43/43 MP: 15/19
  7778 | D:7      | Reached * piety under Dithmenos
  8026 | D:7      | Reached skill level 9 in Stealth
  8502 | D:7      | Found Soruutiy's Antique Weapon Shop.
  8886 | D:7      | Found a glowing silver altar of Zin.
  8965 | D:8      | Found a staircase to the Lair.
  9173 | D:8      | Found a burning altar of Makhleb.
  9173 | D:8      | Noticed Erolcha
  9173 | D:8      | Noticed Grum
  9461 | D:7      | Gained mutation: You are resistant to electric shocks. [evolution]
  9718 | D:8      | Killed Grum
  9749 | D:9      | Reached ** piety under Dithmenos
  9749 | D:9      | Reached skill level 10 in Stealth
  9866 | D:8      | Killed Erolcha
  9866 | D:8      | Reached XP level 10. HP: 49/49 MP: 15/22
 10190 | D:8      | Noticed Vojta's ghost (novice HaHu)
 10790 | D:8      | Noticed Psyche
 10851 | D:8      | Gained mutation: You have large cloven feet. [evolution]
 10913 | D:8      | Killed Psyche
 11474 | D:8      | Found Vuluter's Armour Shop.
 11667 | Lair:1   | Entered Level 1 of the Lair of Beasts
 11707 | Lair:1   | Reached skill level 11 in Stealth
 11745 | Lair:1   | Reached skill level 10 in Dodging
 11799 | Lair:1   | Noticed a spiny frog
 11806 | Lair:1   | Killed a spiny frog
 11806 | Lair:1   | Reached skill level 1 in Armour
 11894 | Lair:1   | Got a smoking wooden ring
 11896 | Lair:1   | Identified the ring of the Thirteen Souls {*Contam +Blink Str+6 Stlth-} (You found it on level 1 of the Lair of Beasts)
 12118 | Lair:1   | Reached XP level 11. HP: 49/53 MP: 24/24
 12135 | Lair:1   | Reached skill level 12 in Stealth
 12240 | Lair:1   | Noticed poirepourri's ghost (novice DsBe)
 12675 | Lair:1   | Identified a scroll of acquirement
 12897 | Lair:2   | Reached *** piety under Dithmenos
 13298 | Lair:2   | Noticed a seven-headed hydra
 13305 | Lair:2   | Killed a seven-headed hydra
 13577 | Lair:2   | Noticed a six-headed hydra
 13672 | Lair:2   | Killed a six-headed hydra
 14685 | Lair:3   | Reached skill level 13 in Stealth
 14767 | Lair:3   | Reached XP level 12. HP: 58/58 MP: 2/26
 14845 | Lair:3   | Lost mutation: You possess an exceptional clarity of mind. [evolution]
 14862 | Lair:3   | Learned a level 2 spell: Stoneskin
 14960 | Lair:3   | Noticed a death yak
 14972 | Lair:3   | Killed a death yak
 14984 | Lair:3   | Noticed a death yak
 14985 | Lair:3   | Noticed a death yak
 14986 | Lair:3   | Noticed a death yak
 14986 | Lair:3   | Noticed a death yak
 14990 | Lair:3   | Killed a death yak
 15017 | Lair:3   | Killed a death yak
 15017 | Lair:3   | Reached skill level 1 in Transmutations
 15392 | Lair:3   | Reached skill level 10 in Spellcasting
 15392 | Lair:3   | Reached skill level 1 in Earth Magic
 15920 | Lair:3   | Noticed an eight-headed hydra
 15932 | Lair:3   | Killed an eight-headed hydra
 16039 | Lair:3   | Noticed Fannar
 16057 | Lair:3   | Killed Fannar
 16623 | Lair:2   | Killed a death yak
 16736 | Lair:3   | Killed a death yak
 17118 | Lair:4   | Reached skill level 5 in Fighting
 17526 | Lair:4   | Reached skill level 14 in Stealth
 17824 | Lair:4   | Reached **** piety under Dithmenos
 18039 | Lair:4   | Noticed Nergalle
 18063 | Lair:4   | Killed Nergalle
 18428 | Lair:4   | Reached XP level 13. HP: 63/63 MP: 28/28
 19110 | Lair:5   | Found a staircase to the Snake Pit.
 19783 | Lair:6   | Gained mutation: You are highly resistant to hostile enchantments. [evolution]
 20476 | Lair:6   | Found a staircase to the Swamp.
 20656 | Lair:6   | Noticed Kirke
 20670 | Lair:6   | Reached ***** piety under Dithmenos
 20680 | Lair:6   | Killed Kirke
 20803 | Lair:6   | Mangled by a catoblepas

Vault maps used:
D:1:      sevenhm_arrival_forest_fort_small_3, tso_metal_star
D:2:      nicolae_overflow_crystal_walls, uniq_terence
D:3:      uniq_purgy, uniq_iyjb, uniq_robin
D:5:      first_bread
D:6:      minmay_temple_entry_overgrown
D:7:      zin_scriptorium, serial_shops, shop, grunt_ogre_cave, uniq_pikel
D:8:      due_lair_maze_entry_diamond, serial_shops, kennysheep_little_box,
          basic_altar, uniq_erolcha, uniq_grum, uniq_psyche
D:9:      orc_0_dummy, special_room
Temple:   kilobyte_greek_temple_18
Lair:1:   grunt_forest_large_clearing_hut
Lair:3:   lemuel_reptile_caves, minmay_stone_trees_large, uniq_fannar
Lair:4:   cheibrodos_magma_flow, uniq_nergalle
Lair:5:   dummy_snake_entry
Lair:6:   swamp_mist, st_stairs_9, grunt_megastairs_1, uniq_kirke

Action                   |  1- 3 |  4- 6 |  7- 9 | 10-12 | 13-15 || total
-------------------------+-------+-------+-------+-------+-------++-------
Melee: Dagger            |   134 |   238 |   278 |   244 |       ||   894
       Quick blade       |       |       |       |   492 |   295 ||   787
Throw: Throwing net      |       |       |     1 |     2 |       ||     3
 Cast: Corona            |     7 |     1 |       |     4 |       ||    12
       Ensorcelled Hiber |    18 |     8 |    36 |    89 |    20 ||   171
       Confuse           |       |    12 |    16 |    23 |       ||    51
       Dazzling Spray    |       |     3 |    18 |   126 |    31 ||   178
       Tukima's Dance    |       |     4 |     7 |     3 |       ||    14
       Stoneskin         |       |       |       |     1 |       ||     1
Invok: Shadow Step       |       |       |       |     9 |       ||     9
Evoke: Wand              |       |     3 |       |       |       ||     3
  Use: Potion            |     1 |     1 |     3 |     5 |       ||    10
       Scroll            |       |     5 |     8 |     9 |     4 ||    26
 Stab: Sleeping          |    15 |     9 |    48 |   112 |    32 ||   216
       Confused          |       |     3 |     6 |     8 |       ||    17
       Invisible         |       |     1 |     8 |    41 |    16 ||    66
       Distracted        |       |       |     3 |     2 |     1 ||     6
  Eat: Bread ration      |       |     1 |     1 |       |       ||     2
       Royal jelly       |       |       |     1 |     1 |       ||     2
       Pizza             |       |       |     1 |       |       ||     1
       Fruit             |       |       |       |     5 |     6 ||    11
